 Dungeon Crawl Stone Soup version 0.22.1-1-ga44c0e56f4 (webtiles) character file.

1106 Ihlosi the Fighter (level 8, 0/102 HPs)
             Began as an Ogre Fighter on Oct 30, 2018.
             Slain by an orc wizard
             ... wielding a +1 dagger of electrocution
              (9 damage)
             ... on level 5 of the Dungeon on Oct 31, 2018.
             The game lasted 00:16:16 (5890 turns).

Ihlosi the Fighter (Ogre Fighter)                   Turns: 5890, Time: 00:16:16

Health: 0/102      AC: 10    Str: 21    XL:     8   Next: 33%
Magic:  8/8        EV:  8    Int:  9    God:
Gold:   228        SH:  8    Dex: 10    Spells: 7/7 levels left

rFire    . . .     SeeInvis .   v - +2 flail (protect)
rCold    . . .     Gourm    .   c - +0 shield
rNeg     + . .     Faith    .   o - +0 robe
rPois    .         Spirit   .   (helmet restricted)
rElec    .         Reflect  .   (no cloak)
rCorr    .         Harm     .   (gloves unavailable)
MR       .....                  (boots unavailable)
Stlth    +.........             (no amulet)
HPRegen  0.27/turn              k - ring of positive energy
MPRegen  0.11/turn              (no ring)

@: about to teleport, protection aura, hasted, very quick
A: large, unfitting armour, sense surroundings 1, robust 1, tough skin 1
a: no special abilities


You were on level 5 of the Dungeon.
You were hungry.

You visited 1 branch of the dungeon, and saw 5 of its levels.

You collected 228 gold pieces.

Inventory:

Hand Weapons
 a - a +0 flail
 l - a +1 dagger of venom
 v - a +2 flail of protection (weapon)
Armour
 b - a +0 robe
 c - a +0 shield (worn)
 o - a +0 robe (worn)
Jewellery
 d - an uncursed ring of flight
 k - a ring of positive energy (left hand)
Wands
 q - a wand of polymorph (9)
 s - a wand of random effects (30)
Scrolls
 e - 4 scrolls of remove curse
 g - 4 scrolls of teleportation
 i - 2 scrolls of enchant armour {unknown}
 j - 5 scrolls of identify {unknown}
 m - 4 scrolls of noise {unknown}
 n - 2 scrolls of amnesia {unknown}
 p - 2 scrolls of immolation {unknown}
Potions
 h - 2 potions of curing
 r - a potion of flight
 t - 2 potions of might
Comestibles
 f - 9 rations


   Skills:
 * Level 10.2 Fighting
 * Level 5.6 Maces & Flails
 - Level 3.0 Dodging
 - Level 3.0 Shields


You had 7 spell levels left.
You didn't know any spells.
Your spell library was empty.

Dungeon Overview and Level Annotations

Branches:
Dungeon (5/15)
 Temple: D:4-7

Altars:
Elyvilon

Shops:
D:4 (


Innate Abilities, Weirdness & Mutations

You are too large for most types of armour.
You have tough skin. (AC +1)
You passively map a small area around you.
You are robust. (+10% HP)


Message History

You feel strangely unstable.
It was a scroll of teleportation.
You feel sick. You block the adder's attack.
The orc wizard casts a spell.
The orc wizard blinks!
You feel better. The adder bites you but does no damage.
The gnoll hits you but does no damage. The adder bites you but does no damage.
You sock the adder!
You kill the adder!
The adder bites you.
* * * LOW HITPOINT WARNING * * *
The gnoll hits you from afar with a spear.
* * * LOW HITPOINT WARNING * * *
The gnoll closely misses you.
You sock the gnoll!
The gnoll is severely wounded.
The adder bites you but does no damage. The gnoll hits you but does no damage.
The orc wizard hits you but does no damage.
You are electrocuted!
You die...

...##############
..(.........<...# *
....#####>......# .,
#.(.....# , , ,, #....(..#
, . ,, #.......# * .. *
#.......# . *
...#######.).....# ,...
........##......@####.....,
*
........##)...[.o.SlZ.....
.........)......g####.....
* .........####....# * ...
* .........####....### .
####.###o..†#......# * #.,
#....)...##.#* #
,#.#.#).#.# ..# *
*,#.#.#..#.. *..


You could see an orc wizard, a gnoll, an adder, a leopard gecko zombie and a
leopard gecko.

Vanquished Creatures
  Grinder (D:3)
  Eustachio (D:4)
  An ogre (D:4)
  Blork the orc (D:4)
  A crimson imp (D:4)
  A centaur skeleton (D:4)
  An orc priest (D:4)
  A bullfrog skeleton (D:4)
  2 orc wizards
  Natasha (thrice) (D:3)
  3 worker ants
  A hound skeleton (D:4)
  Robin (D:4)
  8 gnolls
  A howler monkey skeleton (D:4)
  5 adders
  2 oozes
  An adder skeleton (D:5)
  4 worms
  2 dart slugs (D:4)
  A leopard gecko (D:2)
  8 orcs
  A ball python (D:1)
  11 bats
  9 giant cockroaches
  11 goblins
  12 hobgoblins
  8 jackals (D:2)
  7 kobolds
  3 quokkas (D:4)
  A ball python skeleton (D:4)
  7 frilled lizards
  6 rats
126 creatures vanquished.

Notes
Turn   | Place    | Note
-------+----------+-------------------------------------------
     0 | D:1      | Ihlosi the Ogre Fighter began the quest for the Orb.
     0 | D:1      | Reached XP level 1. HP: 24/24 MP: 1/1
   121 | D:1      | Reached XP level 2. HP: 29/32 MP: 2/2
   359 | D:1      | Reached XP level 3. HP: 37/40 MP: 3/3
   638 | D:2      | Reached skill level 5 in Fighting
   643 | D:2      | Reached XP level 4. HP: 29/50 MP: 4/4
  1562 | D:2      | Gained mutation: You are robust. (+10% HP) [potion of
                  | mutation]
  1562 | D:2      | Gained mutation: You passively map a small area around you.
                  | [potion of mutation]
  1568 | D:2      | Reached XP level 5. HP: 44/64 MP: 5/5
  1575 | D:2      | Reached skill level 6 in Fighting
  2314 | D:3      | Found a white marble altar of Elyvilon.
  2317 | D:3      | Noticed Natasha
  2327 | D:3      | Killed Natasha
  2563 | D:3      | Noticed Grinder
  2566 | D:3      | Paralysed by Grinder for 3 turns
  2581 | D:3      | Paralysed by Grinder for 2 turns
  2592 | D:3      | Killed Grinder
  2592 | D:3      | Reached skill level 8 in Fighting
  2592 | D:3      | Reached XP level 6. HP: 30/81 MP: 6/6
  3157 | D:3      | Noticed Natasha
  3169 | D:3      | Killed Natasha
  3345 | D:3      | Noticed Natasha
  3351 | D:3      | Killed Natasha
  3351 | D:3      | Reached skill level 9 in Fighting
  3351 | D:3      | Reached XP level 7. HP: 76/91 MP: 7/7
  3527 | D:4      | Noticed Robin
  3613 | D:4      | Found Jezxowk's Weapon Boutique.
  4377 | D:4      | Killed Robin
  4511 | D:4      | Noticed Blork the orc
  4531 | D:4      | Killed Blork the orc
  4789 | D:4      | Noticed Eustachio
  4824 | D:4      | Killed Eustachio
  4824 | D:4      | Reached skill level 10 in Fighting
  4824 | D:4      | Reached XP level 8. HP: 45/102 MP: 8/8
  5136 | D:4      | Reached skill level 5 in Maces & Flails
  5604 | D:5      | Entered Level 5 of the Dungeon
  5879 | D:5      | HP: 4/102 [orc wizard/magic dart (5)]
  5890 | D:5      | Slain by an orc wizard

Skill      XL: |  1  2  3  4  5  6  7  8 |
---------------+-------------------------+-----
Maces & Flails | 2 3 4 5 |  5.6
Dodging        | 3 |  3.0
Shields        | 3 |  3.0
Fighting       | 5 8 9 10 | 10.2

Action                   |  1- 3 |  4- 6 |  7- 9 || total
-------------------------+-------+-------+-------++-------
Melee: Flail             |    85 |   222 |   167 ||   474
       Dagger            |       |       |    38 ||    38
  Use: Potion            |     1 |     3 |     5 ||     9
       Scroll            |       |       |     2 ||     2
 Stab: Sleeping          |     1 |       |       ||     1
  Eat: Chunk             |       |     8 |     8 ||    16
Armor: Robe              |    39 |    46 |    58 ||   143
Dodge: Dodged            |    50 |    64 |    82 ||   196
Block: Shield            |    61 |    89 |   102 ||   252
